 Dungeon Crawl Stone Soup version 0.21.1-1-g345015f (webtiles) character file.

222 inc the Cudgeler (level 5, -1/47 HPs)
             Began as a Gnoll Chaos Knight on June 8, 2018.
             Slain by a bullfrog skeleton (4 damage)
             ... summoned by Xom
             ... on level 4 of the Dungeon.
             The game lasted 00:06:00 (2546 turns).

inc the Cudgeler (Gnoll Chaos Knight)               Turns: 2546, Time: 00:06:01

Health: -1/47      AC: 15    Str: 12 (14) XL:     5   Next: 99%
Magic:  7/7        EV: 13    Int: 19 (21) God:    Xom [......]
Gold:   176        SH:  0    Dex: 13 (14) Spells: 7/7 levels left

rFire    . . .     SeeInvis .   x - +0 flail (protect)
rCold    . . .     Gourm    .   (no shield)
rNeg     . . .     Faith    .   b - +2 leather armour
rPois    .         Spirit   .   o - +0 helmet
rElec    .         Reflect  .   (no cloak)
rCorr    .         Harm     .   q - +0 pair of gloves
MR       .....                  (no boots)
Stlth    ++........             (no amulet)
HPRegen  0.55/turn              (no ring)
MPRegen  0.10/turn              (no ring)

@: brilliant, protection aura
A: distributed training, fangs 1, regeneration 1, screaming 1, wild magic 1,
strong nose
a: Renounce Religion


You were on level 4 of the Dungeon.
You worshipped Xom.
You were a very special plaything of Xom.
You were very hungry.

You visited 1 branch of the dungeon, and saw 4 of its levels.

You collected 176 gold pieces.

Inventory:

Hand Weapons
 a - a +0 mace of chaos
 u - a +0 mace
 x - a +0 flail of protection (weapon)
Armour
 b - a +2 leather armour (worn)
 o - a +0 helmet (worn)
 q - a +0 pair of gloves (worn)
Jewellery
 s - a cursed ring of teleportation {unknown}
Scrolls
 d - 2 scrolls of teleportation {unknown}
 f - 6 scrolls of remove curse {unknown}
 i - 2 scrolls of enchant weapon {unknown}
 j - a scroll of immolation {unknown}
 k - a scroll of fear {unknown}
 r - a scroll of identify {unknown}
 t - a scroll of magic mapping {unknown}
 w - a scroll of enchant armour {unknown}
Potions
 e - a potion of magic {unknown}
 h - a potion of might {unknown}
Books
 v - a book of Necromancy

   Spells                             Type                      Level
   a - Pain                           Necromancy                   1
   b - Animate Skeleton               Necromancy                   1
   c - Vampiric Draining              Necromancy                   3
   d - Regeneration                   Charms/Necromancy            3
   e - Animate Dead                   Necromancy                   4
   f - Borgnjor's Vile Clutch         Necromancy/Earth             5
Comestibles
 c - 5 rations


   Skills:
 + Level 6.7 Fighting
 + Level 1.6 Short Blades
 + Level 1.6 Long Blades
 + Level 1.6 Axes
 + Level 6.7 Maces & Flails
 + Level 1.6 Polearms
 + Level 1.6 Staves
 + Level 1.6 Slings
 + Level 1.6 Bows
 + Level 1.6 Crossbows
 + Level 1.6 Throwing
 + Level 4.8 Armour
 + Level 3.1 Dodging
 + Level 1.6 Stealth
 + Level 1.6 Shields
 + Level 1.6 Unarmed Combat
 + Level 1.6 Spellcasting
 + Level 1.3 Conjurations
 + Level 1.3 Hexes
 + Level 1.3 Charms
 + Level 1.3 Summonings
 + Level 1.3 Necromancy
 + Level 1.3 Translocations
 + Level 1.3 Transmutations
 + Level 1.3 Fire Magic
 + Level 1.3 Ice Magic
 + Level 1.3 Air Magic
 + Level 1.3 Earth Magic
 + Level 1.3 Poison Magic
 + Level 1.9 Invocations
 + Level 1.6 Evocations


You had 7 spell levels left.
You didn't know any spells.

Dungeon Overview and Level Annotations

Branches:
Dungeon (4/15)
 Temple: D:4-7

Altars:
Cheibriados
Elyvilon
Fedhas
Gozag
Hepliaklqana
Kikubaaqudgha
Makhleb
Qazlal
Ru
Uskayaw
Wu Jian
Yredelemnul

Shops:
D:4 *

Annotations:
D:3 Terence


Innate Abilities, Weirdness & Mutations

Your experience applies equally to all skills.
You have very sharp teeth.
Your uncanny sense of smell can sniff out nearby items.
Your natural rate of healing is unusually fast.
You occasionally shout uncontrollably at your foes.
Your spells are a little harder to cast, but a little more powerful.


Message History

The orc hits you but does no damage. x2
The bullfrog skeleton hits you but does no damage.
The orc hits you from afar with a trident.
* * * LOW HITPOINT WARNING * * *
You closely miss the orc.
The orc is severely wounded.
The orc hits you but does no damage. x2
The bullfrog skeleton hits you but does no damage.
The orc hits you but does no damage.
You hit the orc.
You kill the orc!
You feel less wooden.
Your +0 helmet unmelds from your body.
Your +0 pair of gloves unmelds from your body.
Your +2 leather armour unmelds from your body.
The bullfrog skeleton closely misses you.
The orc closely misses you. The orc misses you.
You closely miss the orc. The bullfrog skeleton hits you.
You die... "What!?
That's it?"

##### ....# ###.#
###.########
.##........######
.##..#####.##...#
.##...# #.##...###
......# #......).#
###...# #.....o@.#
####### ##....)Z.#
#.....# ###.o.###
#.....# #...#
#.....# ##.##
#.....########.###
#........##......#
##.......##.##.#.#
##.#####.##.##.#.#


You could see 2 orcs and a bullfrog skeleton.

Vanquished Creatures
  An orc priest (D:4)
  A hound (D:2)
  An orc wizard (D:4)
  A worker ant (D:4)
  2 adders (D:2)
  2 oozes (D:4)
  3 worms
  2 dart slugs (D:1)
  3 leopard geckos
  14 orcs
  2 ball pythons
  3 giant cockroaches
  9 hobgoblins
  6 bats
  4 frilled lizards
  4 goblins
  4 kobolds
  5 rats
67 creatures vanquished.

Notes
Turn   | Place    | Note
-------+----------+-------------------------------------------
     0 | D:1      | inc the Gnoll Chaos Knight began the quest for the Orb.
     0 | D:1      | Reached XP level 1. HP: 23/23 MP: 1/1
   152 | D:1      | Reached XP level 2. HP: 29/29 MP: 2/2
   638 | D:2      | Reached XP level 3. HP: 35/35 MP: 3/3
   665 | D:2      | XOM: divination: detect creatures
   672 | D:2      | Reached skill level 1 in Short Blades
   672 | D:2      | Reached skill level 1 in Long Blades
   672 | D:2      | Reached skill level 1 in Axes
   672 | D:2      | Reached skill level 1 in Polearms
   672 | D:2      | Reached skill level 1 in Staves
   672 | D:2      | Reached skill level 1 in Slings
   672 | D:2      | Reached skill level 1 in Bows
   672 | D:2      | Reached skill level 1 in Crossbows
   672 | D:2      | Reached skill level 1 in Throwing
   672 | D:2      | Reached skill level 1 in Stealth
   672 | D:2      | Reached skill level 1 in Shields
   672 | D:2      | Reached skill level 1 in Unarmed Combat
   672 | D:2      | Reached skill level 1 in Spellcasting
   672 | D:2      | Reached skill level 1 in Invocations
   672 | D:2      | Reached skill level 1 in Evocations
   672 | D:2      | Reached XP level 4. HP: 40/41 MP: 3/5
   888 | D:2      | Found a stormy altar of Qazlal.
   888 | D:2      | Found an ornate altar of the Wu Jian Council.
   892 | D:2      | Found a white marble altar of Elyvilon.
   894 | D:2      | Found a basalt altar of Yredelemnul.
   894 | D:2      | Found a hazy altar of Hepliaklqana.
   895 | D:2      | Found a hide-covered altar of Uskayaw.
   896 | D:2      | Found an ancient bone altar of Kikubaaqudgha.
   900 | D:2      | Found a burning altar of Makhleb.
   902 | D:2      | Found a blossoming altar of Fedhas.
  1040 | D:2      | XOM: harmless Tloc miscast
  1143 | D:2      | Found a sacrificial altar of Ru.
  1357 | D:2      | Found a snail-covered altar of Cheibriados.
  1357 | D:2      | Found an opulent altar of Gozag.
  1453 | D:2      | XOM: harmless Tloc miscast
  1503 | D:3      | Reached skill level 1 in Conjurations
  1503 | D:3      | Reached skill level 1 in Hexes
  1503 | D:3      | Reached skill level 1 in Charms
  1503 | D:3      | Reached skill level 1 in Summonings
  1503 | D:3      | Reached skill level 1 in Necromancy
  1503 | D:3      | Reached skill level 1 in Translocations
  1503 | D:3      | Reached skill level 1 in Transmutations
  1503 | D:3      | Reached skill level 1 in Fire Magic
  1503 | D:3      | Reached skill level 1 in Ice Magic
  1503 | D:3      | Reached skill level 1 in Air Magic
  1503 | D:3      | Reached skill level 1 in Earth Magic
  1503 | D:3      | Reached skill level 1 in Poison Magic
  1768 | D:3      | XOM: mild Chrm miscast
  1840 | D:3      | Reached XP level 5. HP: 44/47 MP: 6/6
  1976 | D:3      | Noticed Terence
  1977 | D:3      | XOM: summons 4 hostile shadow creatures
  2052 | D:4      | XOM: medium Tloc miscast
  2410 | D:4      | Found Osuohykh's General Store.
  2511 | D:4      | XOM: summons 3 hostile shadow creatures
  2519 | D:4      | Gained mutation: You occasionally shout uncontrollably at your foes. [potion of mutation]
  2519 | D:4      | Gained mutation: Your natural rate of healing is unusually fast. [potion of mutation]
  2519 | D:4      | Gained mutation: Your spells are a little harder to cast, but a little more powerful. [potion of mutation]
  2536 | D:4      | HP: 1/70 [orc/whip of electrocution (12)]
  2543 | D:4      | HP: 3/70 [orc/trident (3)]
  2546 | D:4      | Slain by a bullfrog skeleton

Skill      XL: |  1  2  3  4  5 |
---------------+----------------+-----
Short Blades   | 1 |  1.6
Long Blades    | 1 |  1.6
Axes           | 1 |  1.6
Polearms       | 1 |  1.6
Staves         | 1 |  1.6
Slings         | 1 |  1.6
Bows           | 1 |  1.6
Crossbows      | 1 |  1.6
Throwing       | 1 |  1.6
Stealth        | 1 |  1.6
Shields        | 1 |  1.6
Unarmed Combat | 1 |  1.6
Spellcasting   | 1 |  1.6
Invocations    | 1 |  1.9
Evocations     | 1 |  1.6
Conjurations   | 1 |  1.3
Hexes          | 1 |  1.3
Charms         | 1 |  1.3
Summonings     | 1 |  1.3
Necromancy     | 1 |  1.3
Translocations | 1 |  1.3
Transmutations | 1 |  1.3
Fire Magic     | 1 |  1.3
Ice Magic      | 1 |  1.3
Air Magic      | 1 |  1.3
Earth Magic    | 1 |  1.3
Poison Magic   | 1 |  1.3
Dodging        | 3 |  3.1
Fighting       | |  6.7
Maces & Flails | |  6.7
Armour         | |  4.8

Action                   |  1- 3 |  4- 6 || total
-------------------------+-------+-------++-------
Melee: Mace              |    51 |   158 ||   209
       Bite              |     4 |    14 ||    18
       Punch             |       |     2 ||     2
       Flail             |       |    27 ||    27
  Use: Potion            |       |     7 ||     7
 Stab: Sleeping          |     2 |     1 ||     3
       Paralysed         |     1 |       ||     1
  Eat: Chunk             |       |     4 ||     4
Armor: Leather armour    |    16 |    69 ||    85
       Skin              |       |   112 ||   112
Dodge: Dodged            |    28 |   140 ||   168
